 Dungeon Crawl Stone Soup version 0.30-a0-778-g2ef04afb54 (webtiles) character file.

Game seed: 15508698731188949171

3950 Dittersdorf the Blocker (level 10, -1/65 HPs)
             Began as a Gargoyle Fighter on Feb 15, 2023.
             Was an Elder of Okawaru.
             Slain by a spriggan
             ... wielding a +0 trident
              (7 damage)
             ... in a bailey.
             The game lasted 00:08:24 (5666 turns).

Dittersdorf the Blocker (Gargoyle Fighter)          Turns: 5666, Time: 00:08:25

Health: -1/65      AC: 19    Str: 24    XL:     10   Next: 21%
Magic:  10/10      EV:  8    Int:  9    God:    Okawaru [****..]
Gold:   489        SH:  6    Dex: 13    Spells: 9/9 levels left

rFire   . . .      SeeInvis .    b - +12 broad axe "Gurchoce" {heavy, rC+ rCorr Dex+4}
rCold   + . .      Faith    .    c - +0 buckler
rNeg    + . .      Spirit   .    k - +0 chain mail
rPois   ∞          Reflect  .    (no helmet)
rElec   +          Harm     .    g - +0 cloak
rCorr   +          Rampage  .    (no gloves)
Will    .....                    (no boots) Stlth
                                 (no amulet)
HPRegen 0.30/turn                (no ring)
MPRegen 0.12/turn                (no ring)

@: no status effects
A: sickness immunity, AC +7, negative energy resistance 1, electricity
resistance, torment resistance 1, petrification resistance
a: Renounce Religion, Heroism, Finesse


You were in a bailey.
You worshipped Okawaru.
Okawaru was greatly pleased with you.
You visited 1 branch of the dungeon, and saw 7 of its levels.
You also visited: Ossuary and Bailey.

You collected 489 gold pieces.

Inventory:

Hand Weapons
 b - the +12 broad axe "Gurchoce" (weapon) {heavy, rC+ rCorr Dex+4}
   (You found it on level 2 of the Dungeon)

   Dex:       It affects your dexterity (+4).
   rC:        It protects you from cold.
   rCorr:     It protects you from acid and corrosion.
 w - a +4 flail
Armour
 c - a +0 buckler (worn)
 g - a +0 cloak (worn)
 k - a +0 chain mail (worn)
 n - the +1 leather armour "Qyowat" {rC++}
   (You found it on level 2 of the Dungeon)

   rC:        It greatly protects you from cold.
Wands
 p - a wand of mindburst (4)
 y - a wand of quicksilver (9)
Scrolls
 a - a scroll of magic mapping {unknown}
 m - 2 scrolls of teleportation
 r - 2 scrolls of blinking {unknown}
 u - a scroll of fear
 v - a scroll of enchant armour {unknown}
Potions
 d - 2 potions of might
 e - 3 potions of degeneration {unknown}
 f - 3 potions of magic {unknown}
 h - 4 potions of curing {unknown}
 i - a potion of invisibility {unknown}
 j - 4 potions of mutation {unknown}
 l - 3 potions of attraction {unknown}
 o - 2 potions of heal wounds {unknown}
 q - a potion of cancellation
 s - a potion of resistance
 t - 2 potions of flight
 x - 4 potions of ambrosia
 A - 3 potions of brilliance


   Skills:
 + Level 8.6 Fighting
 + Level 6.3(6.5) Axes
 - Level 2.6(5.1) Maces & Flails
 + Level 8.6 Armour
 + Level 8.6 Shields


You had 9 spell levels left.
You didn't know any spells.
Your spell library contained the following spells:

 Spells                   Type           Power      Damage    Failure   Level
 Beastly Appendage        Tmut           0%         N/A       96%         1
 Wereblood                Tmut           0%         N/A       99%         2
 Spider Form              Tmut/Pois      0%         N/A       100%        3


Dungeon Overview and Level Annotations

Branches:
Dungeon (7/15)             Temple (0/1) D:5         Ossuary (visited)
 Bailey (1/1)

Altars:
Kikubaaqudgha
Makhleb
Nemelex Xobeh
Okawaru
Qazlal
Ru
Sif Muna
Xom

Shops:
D:3 :


Innate Abilities, Weirdness & Mutations

You are immune to sickness and miasma.
Your stone body is resilient. (AC +7)
You are immune to poison.
You resist negative energy. (rN+)
You are resistant to electric shocks. (rElec)
You are resistant to unholy torment.
You are immune to petrification.


Message History

Press: ? - help, Shift-Dir - straight line, f/p - two-headed ogre
Aim: a two-headed ogre, wielding two +0 halberds (lightly wounded, chance to affect: 47%)
The two-headed ogre resists with some effort.
Aiming: Mindburst
Press: ? - help, Shift-Dir - straight line, f/p - two-headed ogre
Aim: a two-headed ogre, wielding two +0 halberds (lightly wounded, chance to affect: 47%)
The two-headed ogre resists with some effort.
Aiming: Mindburst
Press: ? - help, Shift-Dir - straight line, f/p - two-headed ogre
Aim: a two-headed ogre, wielding two +0 halberds (lightly wounded, chance to affect: 47%)
The two-headed ogre's minds are blasted.
Aiming: Mindburst
Press: ? - help, Shift-Dir - straight line, f/p - two-headed ogre
Aim: a two-headed ogre, wielding two +0 halberds (moderately wounded, chance to affect: 47%)
The two-headed ogre resists with some effort.
You gain the combat prowess of a mighty hero.
The two-headed ogre hits you from afar with a +0 halberd!
* * * LOW HITPOINT WARNING * * *
The two-headed ogre hits you from afar with a +0 halberd.
* * * LOW HITPOINT WARNING * * *
You dice the two-headed ogre like an onion!!!
The two-headed ogre is almost dead.
The two-headed ogre misses you. You block the two-headed ogre's attack.
You slash the two-headed ogre!
You kill the two-headed ogre!
Okawaru is honoured by your kill.
Things that are here:
a +0 halberd; a +0 halberd; a two-headed ogre corpse You start resting.
You feel like a meek peon again.
You start resting.
Magic restored.
You start resting.
A spriggan comes into view. It is wielding a +0 trident.
The spriggan shouts!
The spriggan drinks a potion.
The spriggan seems to speed up.
The spriggan hits you from afar with a +0 trident.
* * * LOW HITPOINT WARNING * * *
The spriggan hits you with a +0 trident!
You die...

..# #♣..##
#..###♣♣##).##
#.........##
#.......##
##~~~~~##
#~~~~)#
###~)~~)###
##....i....##
##....)@.....##
#....∩...∩....#
##...).......##
##.........##
###.....###
#######


You could see a spriggan (fast).

Vanquished Creatures
  A two-headed ogre (Bailey)
  Joseph (D:7)
  Prince Ribbit (D:5)
  Grinder (D:5)
  2 spriggans (Bailey)
  A wraith (Ossuary)
  2 water moccasins
  A black bear (D:7)
  7 ogres
  A centaur (D:7)
  A phantom (D:7)
  The ghost of cforsyth the Caller, an amateur TeSu (D:4)
  A kobold brigand (D:7)
  2 bullfrogs (D:7)
  2 necrophages (D:4)
  A scorpion (D:5)
  2 howler monkeys
  A crimson imp (D:3)
  2 hounds
  A jelly (D:6)
  A gnoll bouda (D:6)
  3 orc priests
  2 orc wizards (D:3)
  2 mummies
  9 adders
  7 gnolls
  4 shadow imps
  An ufetubus (D:5)
  5 dart slugs
  13 orcs
  2 bats
  4 endoplasms
  2 giant cockroaches (D:1)
  11 goblins
  3 hobgoblins
  6 jackals (D:4)
  9 kobolds
  A quokka (D:3)
  8 ball pythons
  A frilled lizard (D:1)
  3 gnoll skeletons (Ossuary)
  5 kobold skeletons (Ossuary)
  17 orc skeletons (Ossuary)
  6 rats
157 creatures vanquished.

Notes
Turn   | Place    | Note
-------+----------+-------------------------------------------
     0 | D:1      | Dittersdorf the Gargoyle Fighter began the quest for the
                  | Orb.
     0 | D:1      | Reached XP level 1. HP: 14/14 MP: 1/1
   106 | D:1      | Reached XP level 2. HP: 17/19 MP: 2/2
   417 | D:1      | Found a faded altar of an unknown god.
   491 | D:1      | Reached XP level 3. HP: 23/23 MP: 3/3
  1022 | D:2      | Identified the +12 broad axe "Gurchoce" {heavy, rC+ rCorr
                  | Dex+4}
  1058 | D:2      | Identified the +1 leather armour "Qyowat" {rC++}
  1640 | D:2      | Reached XP level 4. HP: 29/29 MP: 4/4
  1896 | D:3      | Found Ysiqotro's Book Boutique.
  1966 | D:3      | Reached skill level 1 in Axes
  1966 | D:3      | Reached XP level 5. HP: 33/33 MP: 5/5
  2078 | D:3      | Found an iron altar of Okawaru.
  2084 | D:3      | Became a worshipper of Warmaster Okawaru
  2090 | D:3      | Found a shimmering altar of Xom.
  2090 | D:3      | Found a burning altar of Makhleb.
  2264 | D:3      | Reached XP level 6. HP: 39/39 MP: 6/6
  2597 | D:4      | Found a runed translucent gate.
  2597 | D:4      | Found a runed translucent gate.
  2597 | D:4      | Found a runed translucent gate.
  2632 | D:4      | Noticed cforsyth's ghost (amateur TeSu)
  2663 | D:4      | Found a stormy altar of Qazlal.
  2937 | D:4      | Found an ancient bone altar of Kikubaaqudgha.
  2951 | D:4      | Reached * piety under Okawaru
  2952 | D:4      | Reached skill level 5 in Fighting
  2952 | D:4      | Reached skill level 5 in Armour
  2952 | D:4      | Reached skill level 5 in Shields
  2952 | D:4      | Reached XP level 7. HP: 41/44 MP: 7/7
  3274 | D:4      | Killed cforsyth's ghost
  3322 | D:5      | Entered Level 5 of the Dungeon
  3395 | D:5      | Found a staircase to the Ecumenical Temple.
  3585 | D:5      | Found a sacrificial altar of Ru.
  3677 | D:5      | Noticed Grinder
  3677 | D:5      | Noticed Prince Ribbit
  3681 | D:5      | Paralysed by Grinder for 4 turns
  3684 | D:5      | Killed Prince Ribbit
  3684 | D:5      | Reached ** piety under Okawaru
  3685 | D:5      | Reached XP level 8. HP: 33/51 MP: 8/8
  3687 | D:5      | Killed Grinder
  4245 | D:6      | Found a sand-covered staircase.
  4253 | Ossuary  | Entered an ossuary
  4253 | Ossuary  | Noticed a wraith
  4253 | Ossuary  | Noticed a wraith
  4253 | Ossuary  | Noticed a wraith
  4327 | Ossuary  | Noticed a wraith
  4350 | Ossuary  | Killed a wraith
  4525 | D:6      | Reached *** piety under Okawaru
  4837 | D:6      | Reached XP level 9. HP: 37/56 MP: 9/9
  5079 | D:6      | Found a shimmering blue altar of Sif Muna.
  5193 | D:7      | Noticed Joseph
  5199 | D:7      | Killed Joseph
  5200 | D:7      | Reached skill level 5 in Axes
  5217 | D:7      | Found a sparkling altar of Nemelex Xobeh.
  5239 | D:7      | Reached **** piety under Okawaru
  5379 | D:7      | Found a flagged portal.
  5420 | Bailey   | Entered a bailey
  5611 | Bailey   | Reached XP level 10. HP: 18/64 MP: 10/10
  5620 | Bailey   | Noticed a two-headed ogre
  5639 | Bailey   | HP: 3/64 [two-headed ogre/+0 halberd (9)]
  5639 | Bailey   | HP: 1/64 [two-headed ogre/+0 halberd (2)]
  5642 | Bailey   | Killed a two-headed ogre
  5666 | Bailey   | Slain by a spriggan

Illustrated notes

Levels and vault maps discovered:
D:1:      lightli_arrival_lavapool, layout_loops_cross,
          shapermc_ecumenical_altar_mp_highgroup, chequers_serial_rivers_small_b
D:2:      layout_basic
D:3:      layout_loops_cross, grunt_temple_overflow_champion_of_chaos,
          okawaru_metal_pillars_3, serial_shops, nicolae_shop_window_shopping
D:4:      layout_cave_pods, kennysheep_mini_moat, mainiacjoe_overflow_brackets,
          ebering_ghost_rock_garden, nrook_campfire, kennysheep_pointless_box,
          corexii_item_surrounded_by_moat
D:5:      layout_gridville, nicolae_ru_awakened_eye, minmay_temple_entry_trees,
          serial_glass, glass_columns_a, glass_columns_b, glass_columns_b,
          glass_columns_b, glass_columns_a, glass_columns_a, glass_columns_a,
          glass_columns_a, feat_on_display, minmay_strange_pillars,
          uniq_grinder, uniq_prince_ribbit1
D:6:      layout_basic, overflow_temple_1_default, gup_ossuary_entry_pyramid,
          minmay_puff
D:7:      layout_loops_ring, nemelex_dance_club_becter, enter_bailey_5,
          grunt_ministairs_1, nicolae_fountain_basement, uniq_joseph
Bailey:   bailey_polearm_enchanted_keep_hellmonk, bailey

Skill      XL: |  1  2  3  4  5  6  7  8  9 |
---------------+----------------------------+-----
Fighting       | 4 5 6 8 |  8.6
Armour         | 4 5 6 8 |  8.6
Shields        | 4 5 6 8 |  8.6
Axes           | 1 2 3 4 6 |  6.3
Maces & Flails | |  2.6

Action                     |  1- 3 |  4- 6 |  7- 9 | 10-12 || total
---------------------------+-------+-------+-------+-------++-------
  Melee: Flail             |    87 |       |       |       ||    87
         Broad axe         |    11 |    59 |   144 |     4 ||   218
 Invoke: Heroism           |       |       |       |     1 ||     1
  Evoke: Wand              |       |       |       |     5 ||     5
    Use: Scroll            |       |       |    12 |       ||    12
 Armour: Scale mail        |    50 |       |       |       ||    50
         Chain mail        |    14 |    46 |   133 |     1 ||   194
         Leather armour    |     2 |       |       |       ||     2
  Dodge: Dodged            |    45 |    27 |    69 |     1 ||   142
  Block: Buckler           |    34 |    12 |    65 |     1 ||   112

Table legend: (Time is in decaauts)
 A = Elapsed time spent in this place.
 B = Non-inter-level travel time spent in this place.
 C = Inter-level travel time spent in this place.
 D = Time resting spent in this place.
 E = Time spent auto-exploring this place.
 F = Levels seen in this place.
 G = Mean time per level.
                   A        B        C        D        E       F      G
               +--------+--------+--------+--------+--------+-----+--------+
         Total |   5932 |   5562 |    370 |    149 |   3923 |   9 |  659.1 |
       Dungeon |   5442 |   5072 |    370 |      0 |   3759 |   7 |  777.4 |
       Ossuary |    220 |    220 |      0 |     35 |    113 |   1 |  220.0 |
        Bailey |    269 |    269 |      0 |    114 |     51 |   1 |  269.0 |
               +--------+--------+--------+--------+--------+-----+--------+

Top non-repeatable levels by time:
     D:2: 1051 daAuts
     D:4: 890 daAuts
     D:5: 864 daAuts
     D:6: 800 daAuts
     D:1: 790 daAuts
     D:3: 729 daAuts
     D:7: 316 daAuts
  Bailey: 269 daAuts
 Ossuary: 220 daAuts
